Admirals vs Devils
Created - December 22, 2021 at 20:28
Goals
|
| Admirals |
1 |
1 |
1 |
3 |
| Devils |
4 |
1 |
2 |
7 |
|
Shots
|
| Admirals |
12 |
8 |
17 |
37 |
| Devils |
15 |
14 |
7 |
36 |
|
1st period
1. Admirals , Blake Geoffrion 2 (T.J Brodie 5) at 7:15
2. Devils , Sven Baertschi 5 (Logan Shaw 6, Darren Dietz 4) at 7:46
3. Devils , Logan Shaw 3 (Sven Baertschi 2, Dalton Thrower 2) at 12:03
4. Devils , Conor Garland 1 (Brett Seney 2) at 14:49
5. Devils , Logan Shaw 4 (Ben Hutton 4, Calvin Pickard) at 15:18
Penalties :
No Penalty
2nd period
6. Devils , Logan Shaw 5 (Dalton Thrower 3, Sam Bennett 7) at 0:14
7. Admirals , Kasper Bjorkqvist 2 (Riley Barber 3) at 18:37
Penalties :
Kasper Bjorkqvist (Mil) for Kneeing (Minor) at 5:00
3rd period
8. Admirals , Joel Armia 1 (Nicolas Kerdiles 6, Markus Granlund 1) at 2:20
9. Devils , Ben Hutton 1 (Brandon Carlo 5) at 7:37 (PP)
10. Devils , Logan Shaw 6 (Brandon Carlo 6, Calvin Pickard) at 8:54 (PP)
Penalties :
T.J Brodie (Mil) for Hooking (Minor) at 6:49, Olli Juolevi (Mil) for Hooking (Minor) at 8:42, Sven Baertschi (Bin) for Slashing (Minor) at 10:38, Olli Juolevi (Mil) for Interference (Minor) at 16:17, Mattias Backman (Mil) for Hooking (Minor) at 17:33
Goalie Stats
Felix Sanstrom (Mil), 25 saves from 28 shots - (0.893), 44:42 minutes
Tristan Jarry (Mil), 4 saves from 8 shots - (0.500), L, 3-3-0, 15:18 minutes
Calvin Pickard (Bin), 34 saves from 37 shots - (0.919), W, 3-1-0, 60:00 minutes
Players Stats for Admirals
Player Name G A P +/- PIM S H SB GA TA FO MP PP MP PK MP
------------------------------------------------------------------------------------
Andreas Englund 0 0 0 0 0 1 0 3 0 2 0/0 19:35 0:00 4:34
Anton Gustafsson 0 0 0 -1 0 2 3 0 0 0 9/14 15:29 0:54 0:14
Blake Geoffrion 1 0 1 1 0 3 0 0 0 0 0/0 12:40 0:03 0:22
Chris Lawrence 0 0 0 0 0 0 0 0 0 0 0/0 0:03 0:03 0:00
Christian Djoos 0 0 0 0 0 0 3 1 0 0 0/0 11:52 0:00 1:40
Freddie Hamilton 0 0 0 -1 0 0 1 0 1 1 0/2 8:27 0:03 0:22
Hunter Shinkaruk 0 0 0 -1 0 3 0 0 0 0 0/0 15:15 0:54 0:00
Joel Armia 1 0 1 -1 0 6 1 0 2 0 2/3 17:58 1:02 0:00
Josh Wesley 0 0 0 0 0 0 0 0 0 0 0/0 7:06 0:00 0:11
Kasper Bjorkqvist 1 0 1 1 2 3 0 0 0 0 2/2 13:15 0:54 0:00
Lucas Wallmark 0 0 0 1 0 0 0 1 0 2 0/1 12:20 0:00 0:00
Mark McNeill 0 0 0 -1 0 0 1 1 0 0 0/1 16:11 0:00 1:44
Markus Granlund 0 1 1 -1 0 4 4 0 0 0 15/31 21:55 1:02 3:54
Mattias Backman 0 0 0 0 2 1 1 1 0 1 0/0 12:54 0:49 1:48
Nicolas Deslauriers 0 0 0 -1 0 4 0 0 1 0 0/0 9:14 0:00 1:02
Nicolas Kerdiles 0 1 1 -1 0 2 1 1 0 0 1/2 21:55 1:02 3:54
Olli Juolevi 0 0 0 0 4 0 0 2 0 0 0/0 16:01 0:49 0:13
Riley Barber 0 1 1 -1 0 1 0 1 0 0 0/0 8:02 0:00 0:00
T.J Brodie 0 1 1 -2 2 3 0 2 0 0 0/0 23:14 1:10 2:26
Travis Dermott 0 0 0 -2 0 4 1 2 0 3 0/0 22:09 1:10 1:20
Trevor Van Riemsdyk 0 0 0 0 0 0 0 0 0 0 0/0 7:23 0:00 0:28
Players Stats for Devils
Player Name G A P +/- PIM S H SB GA TA FO MP PP MP PK MP
------------------------------------------------------------------------------------
Alan Quine 0 0 0 1 0 6 1 0 1 1 5/9 17:06 2:13 0:42
Ben Hutton 1 1 2 0 0 3 1 2 0 0 0/0 24:21 4:25 1:03
Brandon Carlo 0 2 2 0 0 2 1 2 0 0 0/0 24:21 4:25 1:03
Brett Howden 0 0 0 0 0 0 0 0 1 0 1/4 8:20 0:00 0:00
Brett Seney 0 1 1 0 0 2 0 0 0 0 0/0 13:19 0:00 0:59
Christian Wolanin 0 0 0 1 0 0 0 1 0 0 0/0 6:36 0:00 0:00
Conor Garland 1 0 1 0 0 2 0 1 0 0 0/0 12:20 0:00 0:00
Cristiano Digiacinto 0 0 0 0 0 0 0 0 0 0 0/0 0:24 0:00 0:24
Dalton Thrower 0 2 2 2 0 1 4 0 0 0 0/0 18:12 1:49 0:56
Darren Dietz 0 1 1 2 0 2 1 0 0 1 0/0 18:12 1:49 0:56
Ilya Lyubushkin 0 0 0 -1 0 0 1 0 0 0 0/0 10:51 0:00 0:00
Jake Bean 0 0 0 1 0 0 0 0 0 0 0/0 6:36 0:00 0:00
Jonny Brodzinski 0 0 0 0 0 1 2 0 2 0 1/1 8:20 0:00 0:00
Joonas Donskoi 0 0 0 1 0 3 0 0 0 0 0/1 16:24 2:13 0:00
Logan Shaw 4 1 5 1 0 9 1 1 1 0 0/1 20:50 4:01 0:00
Mason Marchment 0 0 0 0 0 0 0 0 0 0 0/0 8:20 0:00 0:00
Reid Boucher 0 0 0 0 0 1 1 0 2 1 2/4 12:33 0:00 0:13
Robbie Russo 0 0 0 -1 0 0 0 1 0 0 0/0 10:51 0:00 0:00
Sam Bennett 0 1 1 1 0 2 2 0 1 1 16/33 21:53 4:01 0:56
Sven Baertschi 1 1 2 1 2 2 0 0 1 0 2/3 20:56 4:01 0:00
Valeri Nichushkin 0 0 0 1 0 0 0 1 0 0 0/0 17:15 2:13 0:44
3 Stars
1 - Logan Shaw (Bin)
2 - Dalton Thrower (Bin)
3 - Ben Hutton (Bin)
Power Play
Admirals - 0 on 1 Attempt(s) - 0.00%
Devils - 2 on 5 Attempt(s) - 40.00%
Penalty Kill
Admirals - 3 on 5 Attempt(s) - 60.00%
- Score 0 goal in Penalty Kill
Devils - 1 on 1 Attempt(s) - 100.00%
- Score 0 goal in Penalty Kill
Team Stat
Admirals - Hits : 16 - Faceoff Wins : 29 - Blocked Shots : 15 - Penalty Minutes : 10
Devils - Hits : 15 - Faceoff Wins : 27 - Blocked Shots : 9 - Penalty Minutes : 2
Official
Referees : Brian Pochmara and Furman South
Linesman : Michel Cormier and Brian Mach
Game Notes
Felix Sanstrom enters game at 15:18 of 1st period
Logan Shaw has scored a Hat Trick!
Finance
Level 1 -- Attendance: 1827 (91.35%) -- Ticket Income $63,945
Level 2 -- Attendance: 977 (97.70%) -- Ticket Income $14,655
Total Attendance: 2804 (93.47%)
Total Ticket Income: $78,600
Other Income: $3,930
Total Income: $82,530
Admirals
5 vs 5 Forward
Center Left Wing Right Wing Time % Phy DF OF
1 Markus Granlund Nicolas Kerdiles Joel Armia 40 1 2 2
2 Anton Gustafsson Hunter Shinkaruk Mark McNeill 30 1 2 2
3 Lucas Wallmark Blake Geoffrion Kasper Bjorkqvist 20 1 2 2
4 Freddie Hamilton Nicolas Deslauriers Riley Barber 10 1 2 2
5 vs 5 Defense
Defense Defense Time % Phy DF OF
1 T.J Brodie Travis Dermott 40 1 2 2
2 Andreas Englund Olli Juolevi 30 1 2 2
3 Christian Djoos Mattias Backman 20 1 2 2
4 Josh Wesley Trevor Van Riemsdyk 10 1 2 2
PowerPlay Forward
Center Left Wing Right Wing Time % Phy DF OF
1 Markus Granlund Nicolas Kerdiles Joel Armia 60 1 2 2
2 Anton Gustafsson Hunter Shinkaruk Kasper Bjorkqvist 40 1 2 2
PowerPlay Defense
Defense Defense Time % Phy DF OF
1 T.J Brodie Travis Dermott 60 1 1 3
2 Mattias Backman Olli Juolevi 40 1 1 3
Penalty Kill 4 Players Forward
Center Wing Time % Phy DF OF
1 Markus Granlund Nicolas Kerdiles 60 1 2 2
2 Mark McNeill Nicolas Deslauriers 40 1 2 2
Penalty Kill 4 Players Defense
Defense Defense Time % Phy DF OF
1 Andreas Englund T.J Brodie 60 1 3 1
2 Christian Djoos Mattias Backman 40 1 3 1
Penalty Kill - 3 Players Forward
Forward Time % Phy DF OF
1 Mark McNeill 60 1 2 2
2 Anton Gustafsson 40 1 2 2
Penalty Kill - 3 Players Defense
Defense Defense Time % Phy DF OF
1 Andreas Englund Travis Dermott 60 1 3 1
2 Christian Djoos Mattias Backman 40 1 3 1
4 vs 4 Forward
Center Wing Time % Phy DF OF
1 Anton Gustafsson Nicolas Kerdiles 60 1 2 2
2 Mark McNeill Nicolas Deslauriers 40 1 2 2
4 vs 4 Defense
Defense Defense Time % Phy DF OF
1 T.J Brodie Travis Dermott 60 1 2 2
2 Mattias Backman Olli Juolevi 40 1 2 2
Last Minutes Offensive
Center Left Wing Right Wing Defense Defense
Markus Granlund Nicolas Kerdiles Joel Armia T.J Brodie Travis Dermott
Last Minutes Defensive
Center Left Wing Right Wing Defense Defense
Anton Gustafsson Nicolas Kerdiles Mark McNeill Andreas Englund T.J Brodie
Goaltenders
Starting : Tristan Jarry
Backup : Felix Sanstrom
Extra Forwards
Normal : Lucas Wallmark, Kasper Bjorkqvist, Freddie Hamilton - PP : Hunter Shinkaruk, Kasper Bjorkqvist - PK : Freddie Hamilton
Extra Defensemen
Normal : Mattias Backman, Christian Djoos, Trevor Van Riemsdyk - PP : Mattias Backman - PK : Mattias Backman, Trevor Van Riemsdyk
Penalty Shots
Anton Gustafsson, Nicolas Kerdiles, Blake Geoffrion, Nicolas Deslauriers, Mark McNeill
Scratches
Adam Almquist (Healthy), Alexandre Mallet (Healthy), Brett Connolly (Healthy), Carl Dahlstrom (Fractured Metatarsal (Right Foot) Injury), Filip Chlapik (Healthy)
Mark MacMillan (Healthy), Ryan Olsen (Healthy), Sergei Zborovskiy (Healthy), Stanislav Galiev (Healthy), Troy Bourke (Healthy)
Carsen Twarynski (Healthy), Libor Hajek (Healthy), Linus Ullmark (Healthy)
Devils
5 vs 5 Forward
Center Left Wing Right Wing Time % Phy DF OF
1 Sam Bennett Sven Baertschi Logan Shaw 40 0 2 3
2 Alan Quine Valeri Nichushkin Joonas Donskoi 30 0 2 3
3 Reid Boucher Brett Seney Conor Garland 20 0 2 3
4 Brett Howden Mason Marchment Jonny Brodzinski 10 0 2 3
5 vs 5 Defense
Defense Defense Time % Phy DF OF
1 Brandon Carlo Ben Hutton 40 0 3 2
2 Darren Dietz Dalton Thrower 30 0 3 2
3 Ilya Lyubushkin Robbie Russo 20 0 3 2
4 Christian Wolanin Jake Bean 10 0 3 2
PowerPlay Forward
Center Left Wing Right Wing Time % Phy DF OF
1 Sam Bennett Sven Baertschi Logan Shaw 60 0 1 4
2 Alan Quine Valeri Nichushkin Joonas Donskoi 40 0 1 4
PowerPlay Defense
Defense Defense Time % Phy DF OF
1 Brandon Carlo Ben Hutton 60 0 2 3
2 Darren Dietz Dalton Thrower 40 0 2 3
Penalty Kill 4 Players Forward
Center Wing Time % Phy DF OF
1 Sam Bennett Sven Baertschi 60 1 2 2
2 Alan Quine Valeri Nichushkin 40 1 2 2
Penalty Kill 4 Players Defense
Defense Defense Time % Phy DF OF
1 Brandon Carlo Ben Hutton 60 1 4 0
2 Darren Dietz Dalton Thrower 40 1 4 0
Penalty Kill - 3 Players Forward
Forward Time % Phy DF OF
1 Sam Bennett 60 1 3 1
2 Alan Quine 40 1 3 1
Penalty Kill - 3 Players Defense
Defense Defense Time % Phy DF OF
1 Brandon Carlo Ben Hutton 60 1 4 0
2 Darren Dietz Dalton Thrower 40 1 4 0
4 vs 4 Forward
Center Wing Time % Phy DF OF
1 Sam Bennett Sven Baertschi 60 0 2 3
2 Alan Quine Valeri Nichushkin 40 0 2 3
4 vs 4 Defense
Defense Defense Time % Phy DF OF
1 Brandon Carlo Ben Hutton 60 0 3 2
2 Darren Dietz Dalton Thrower 40 0 3 2
Last Minutes Offensive
Center Left Wing Right Wing Defense Defense
Sam Bennett Sven Baertschi Logan Shaw Brandon Carlo Ben Hutton
Last Minutes Defensive
Center Left Wing Right Wing Defense Defense
Sam Bennett Sven Baertschi Logan Shaw Brandon Carlo Ben Hutton
Goaltenders
Starting : Calvin Pickard
Backup : Juuse Saros
Extra Forwards
Normal : Valeri Nichushkin, Alan Quine, Reid Boucher - PP : Valeri Nichushkin, Alan Quine - PK : Valeri Nichushkin
Extra Defensemen
Normal : Robbie Russo, Christian Wolanin, Jake Bean - PP : Robbie Russo - PK : Robbie Russo, Christian Wolanin
Penalty Shots
Logan Shaw, Sven Baertschi, Sam Bennett, Joonas Donskoi, Valeri Nichushkin
Scratches
Vincent Desharnais (Healthy)
% Time on Ice - Admirals
Lines # - Real PCT - Wanted PCT - Time Play
Normal Forward
1 - 33% - 40% - 16:59
2 - 28% - 30% - 14:31
3 - 24% - 20% - 12:15
4 - 16% - 10% - 8:02
Normal Defense
1 - 38% - 40% - 19:39
2 - 29% - 30% - 15:09
3 - 19% - 20% - 10:04
4 - 13% - 10% - 6:55
PP Forward
1 - 55% - 60% - 1:05
2 - 45% - 40% - 0:54
PP Defense
1 - 59% - 60% - 1:10
2 - 41% - 40% - 0:49
PK Forward
1 - 77% - 60% - 4:16
2 - 23% - 40% - 1:15
PK Defense
1 - 70% - 60% - 3:51
2 - 30% - 40% - 1:40
PK3 Forward
1 - 98% - 60% - 0:42
2 - 2% - 40% - 0:01
PK3 Defense
1 - 100% - 60% - 0:43
2 - 0% - 40% - 0:00
44 Forward
1 - 0% - 60%
2 - 0% - 40%
44 Defense
1 - 0% - 60%
2 - 0% - 40%
Last Minute Offensive - 0:00
Last Minute Defensive - 0:00
Total
Forward - 60:00
Defense - 60:00
|
% Time on Ice - Devils
Lines # - Real PCT - Wanted PCT - Time Play
Normal Forward
1 - 33% - 40% - 16:56
2 - 27% - 30% - 14:11
3 - 24% - 20% - 12:20
4 - 16% - 10% - 8:20
Normal Defense
1 - 36% - 40% - 18:53
2 - 30% - 30% - 15:27
3 - 21% - 20% - 10:51
4 - 13% - 10% - 6:36
PP Forward
1 - 64% - 60% - 4:01
2 - 36% - 40% - 2:13
PP Defense
1 - 71% - 60% - 4:25
2 - 29% - 40% - 1:49
PK Forward
1 - 100% - 60% - 1:59
2 - 0% - 40% - 0:00
PK Defense
1 - 53% - 60% - 1:03
2 - 47% - 40% - 0:56
PK3 Forward
1 - 0% - 60%
2 - 0% - 40%
PK3 Defense
1 - 0% - 60%
2 - 0% - 40%
44 Forward
1 - 0% - 60%
2 - 0% - 40%
44 Defense
1 - 0% - 60%
2 - 0% - 40%
Last Minute Offensive - 0:00
Last Minute Defensive - 0:00
Total
Forward - 60:00
Defense - 60:00
|
Play-by-Play
1st period
0:01 of 1st period - Sam Bennett wins face-off versus Nicolas Kerdiles in neutral zone.
0:36 of 1st period - Wrist shot by Hunter Shinkaruk.
0:36 of 1st period - Shot Misses the Net.
2:10 of 1st period - Icing by Mattias Backman.
2:11 of 1st period - Anton Gustafsson wins face-off versus Reid Boucher in Admirals zone.
2:22 of 1st period - Wrist shot by Hunter Shinkaruk.
2:22 of 1st period - Shot Misses the Net.
2:39 of 1st period - Off-side.
2:40 of 1st period - Alan Quine wins face-off versus Lucas Wallmark in neutral zone.
3:05 of 1st period - Logan Shaw is hit by Markus Granlund and loses puck.
3:15 of 1st period - Wrist shot by Markus Granlund.
3:15 of 1st period - Stopped by Calvin Pickard without a rebound.
3:16 of 1st period - Anton Gustafsson wins face-off versus Brett Howden in Devils zone.
3:25 of 1st period - Wrist shot by Anton Gustafsson.
3:25 of 1st period - Shot Blocked by Robbie Russo.
3:31 of 1st period - Slapshot by Anton Gustafsson.
3:31 of 1st period - Deflect By Hunter Shinkaruk.
3:31 of 1st period - Shot Misses the Net.
3:31 of 1st period - Puck is out of play.
3:32 of 1st period - Sam Bennett wins face-off versus Markus Granlund in Devils zone.
3:39 of 1st period - Slapshot by Markus Granlund.
3:39 of 1st period - Shot Blocked by Logan Shaw.
4:41 of 1st period - Slapshot by Ben Hutton.
4:41 of 1st period - Shot Blocked by Travis Dermott.
4:43 of 1st period - Slapshot by Brandon Carlo.
4:43 of 1st period - Shot Misses the Net.
4:45 of 1st period - Wrist shot by Mason Marchment.
4:45 of 1st period - Shot Misses the Net.
4:47 of 1st period - Snap shot by Ben Hutton.
4:47 of 1st period - Shot Misses the Net.
4:49 of 1st period - Backhand shot by Brandon Carlo.
4:49 of 1st period - Deflect By Anton Gustafsson.
4:49 of 1st period - Stopped by Tristan Jarry with a rebound.
5:07 of 1st period - Slapshot by Travis Dermott.
5:07 of 1st period - Stopped by Calvin Pickard with a rebound.
5:09 of 1st period - Snap shot by Markus Granlund.
5:09 of 1st period - Shot Misses the Net.
5:11 of 1st period - Wrist shot by Markus Granlund.
5:11 of 1st period - Shot Misses the Net.
6:10 of 1st period - Wrist shot by Brett Howden.
6:10 of 1st period - Shot Misses the Net.
6:12 of 1st period - Slapshot by Darren Dietz.
6:12 of 1st period - Stopped by Tristan Jarry with a rebound.
6:14 of 1st period - Wrist shot by Mason Marchment.
6:14 of 1st period - Shot Misses the Net.
6:47 of 1st period - Slapshot by Blake Geoffrion.
6:47 of 1st period - Stopped by Calvin Pickard with a rebound.
6:51 of 1st period - Backhand shot by Blake Geoffrion.
6:51 of 1st period - Shot Misses the Net.
6:53 of 1st period - Snap shot by Andreas Englund.
6:53 of 1st period - Stopped by Calvin Pickard without a rebound.
6:54 of 1st period - Kasper Bjorkqvist wins face-off versus Sam Bennett in Devils zone.
7:15 of 1st period - Wrist shot by Blake Geoffrion.
7:15 of 1st period - Goal by Blake Geoffrion - Admirals : 1 - Devils : 0.
7:16 of 1st period - Sam Bennett wins face-off versus Markus Granlund in neutral zone.
7:23 of 1st period - Snap shot by Logan Shaw.
7:23 of 1st period - Stopped by Tristan Jarry without a rebound.
7:24 of 1st period - Joel Armia wins face-off versus Sam Bennett in Admirals zone.
7:31 of 1st period - Sam Bennett is hit by Markus Granlund and loses puck.
7:44 of 1st period - Wrist shot by Sven Baertschi.
7:44 of 1st period - Shot Misses the Net.
7:46 of 1st period - Wrist shot by Sven Baertschi.
7:46 of 1st period - Goal by Sven Baertschi - Admirals : 1 - Devils : 1.
7:47 of 1st period - Anton Gustafsson wins face-off versus Alan Quine in neutral zone.
7:50 of 1st period - Joonas Donskoi is hit by Anton Gustafsson and loses puck.
8:36 of 1st period - Darren Dietz is hit by Freddie Hamilton and loses puck.
9:06 of 1st period - Snap shot by Kasper Bjorkqvist.
9:06 of 1st period - Deflect By Blake Geoffrion.
9:06 of 1st period - Stopped by Calvin Pickard with a rebound.
9:08 of 1st period - Slapshot by Christian Djoos.
9:08 of 1st period - Shot Blocked by Christian Wolanin.
9:20 of 1st period - Slapshot by Joonas Donskoi.
9:20 of 1st period - Stopped by Tristan Jarry with a rebound.
9:37 of 1st period - Alan Quine is hit by Markus Granlund and loses puck.
9:42 of 1st period - Snap shot by Nicolas Kerdiles.
9:42 of 1st period - Stopped by Calvin Pickard with a rebound.
9:44 of 1st period - Slapshot by T.J Brodie.
9:44 of 1st period - Shot Misses the Net.
10:33 of 1st period - Off-side.
10:34 of 1st period - Anton Gustafsson wins face-off versus Brett Howden in neutral zone.
10:39 of 1st period - Wrist shot by Hunter Shinkaruk.
10:39 of 1st period - Stopped by Calvin Pickard with a rebound.
10:41 of 1st period - Slapshot by Travis Dermott.
10:41 of 1st period - Stopped by Calvin Pickard without a rebound.
10:42 of 1st period - Sam Bennett wins face-off versus Markus Granlund in Devils zone.
10:48 of 1st period - Off-side.
10:49 of 1st period - Markus Granlund wins face-off versus Sven Baertschi in neutral zone.
11:14 of 1st period - Brandon Carlo is hit by Anton Gustafsson and loses puck.
11:37 of 1st period - Wrist shot by Reid Boucher.
11:37 of 1st period - Shot Blocked by Lucas Wallmark.
11:57 of 1st period - Snap shot by Conor Garland.
11:57 of 1st period - Shot Blocked by Olli Juolevi.
12:03 of 1st period - Snap shot by Logan Shaw.
12:03 of 1st period - Goal by Logan Shaw - Admirals : 1 - Devils : 2.
12:04 of 1st period - Sam Bennett wins face-off versus Markus Granlund in neutral zone.
13:21 of 1st period - Wrist shot by Jonny Brodzinski.
13:21 of 1st period - Shot Misses the Net.
14:05 of 1st period - Wrist shot by Logan Shaw.
14:05 of 1st period - Shot Blocked by Andreas Englund.
14:29 of 1st period - Snap shot by Alan Quine.
14:29 of 1st period - Shot Blocked by Mark McNeill.
14:43 of 1st period - Slapshot by Nicolas Deslauriers.
14:43 of 1st period - Shot Misses the Net.
14:49 of 1st period - Wrist shot by Brett Seney.
14:49 of 1st period - Deflect By Conor Garland.
14:49 of 1st period - Goal by Conor Garland - Admirals : 1 - Devils : 3.
14:50 of 1st period - Markus Granlund wins face-off versus Sam Bennett in neutral zone.
15:18 of 1st period - Snap shot by Logan Shaw.
15:18 of 1st period - Deflect By Mark McNeill.
15:18 of 1st period - Goal by Logan Shaw - Admirals : 1 - Devils : 4.
15:18 of 1st period - Felix Sanstrom enters game.
15:19 of 1st period - Markus Granlund wins face-off versus Sam Bennett in neutral zone.
16:39 of 1st period - Slapshot by Travis Dermott.
16:39 of 1st period - Stopped by Calvin Pickard without a rebound.
16:40 of 1st period - Sam Bennett wins face-off versus Markus Granlund in Devils zone.
16:49 of 1st period - Wrist shot by Logan Shaw.
16:49 of 1st period - Stopped by Felix Sanstrom with a rebound.
16:51 of 1st period - Snap shot by Dalton Thrower.
16:51 of 1st period - Deflect By Markus Granlund.
16:51 of 1st period - Stopped by Felix Sanstrom with a rebound.
16:53 of 1st period - Slapshot by Darren Dietz.
16:53 of 1st period - Stopped by Felix Sanstrom without a rebound.
16:54 of 1st period - Alan Quine wins face-off versus Anton Gustafsson in Admirals zone.
17:01 of 1st period - Snap shot by Alan Quine.
17:01 of 1st period - Stopped by Felix Sanstrom with a rebound.
17:05 of 1st period - Snap shot by Alan Quine.
17:05 of 1st period - Stopped by Felix Sanstrom with a rebound.
17:07 of 1st period - Slapshot by Ilya Lyubushkin.
17:07 of 1st period - Shot Blocked by Andreas Englund.
17:09 of 1st period - Slapshot by Ilya Lyubushkin.
17:09 of 1st period - Shot Blocked by Olli Juolevi.
17:19 of 1st period - Sam Bennett is hit by Nicolas Kerdiles and loses puck.
17:26 of 1st period - Markus Granlund is hit by Darren Dietz.
17:34 of 1st period - Markus Granlund is hit by Logan Shaw and loses puck.
18:11 of 1st period - Snap shot by Ben Hutton.
18:11 of 1st period - Stopped by Felix Sanstrom with a rebound.
18:13 of 1st period - Snap shot by Valeri Nichushkin.
18:13 of 1st period - Deflect By Joonas Donskoi.
18:13 of 1st period - Stopped by Felix Sanstrom without a rebound.
18:14 of 1st period - Sam Bennett wins face-off versus Anton Gustafsson in Admirals zone.
18:41 of 1st period - T.J Brodie is hit by Brandon Carlo and loses puck.
19:32 of 1st period - Snap shot by Anton Gustafsson.
19:32 of 1st period - Shot Misses the Net.
19:34 of 1st period - Slapshot by Hunter Shinkaruk.
19:34 of 1st period - Stopped by Calvin Pickard with a rebound.
19:36 of 1st period - Slapshot by Mattias Backman.
19:36 of 1st period - Stopped by Calvin Pickard with a rebound.
19:52 of 1st period - Snap shot by Sven Baertschi.
19:52 of 1st period - Shot Blocked by Mattias Backman.
Goals for this period are 1 for Admirals vs 4 for Devils.
Shots for this period are 12 for Admirals vs 15 for Devils.
2nd period
0:01 of 2nd period - Sam Bennett wins face-off versus Markus Granlund in neutral zone.
0:10 of 2nd period - Slapshot by Sam Bennett.
0:10 of 2nd period - Stopped by Felix Sanstrom with a rebound.
0:12 of 2nd period - Slapshot by Dalton Thrower.
0:12 of 2nd period - Shot Misses the Net.
0:14 of 2nd period - Snap shot by Logan Shaw.
0:14 of 2nd period - Goal by Logan Shaw - Admirals : 1 - Devils : 5.
0:15 of 2nd period - Markus Granlund wins face-off versus Sam Bennett in neutral zone.
0:40 of 2nd period - Snap shot by Conor Garland.
0:40 of 2nd period - Deflect By Reid Boucher.
0:40 of 2nd period - Stopped by Felix Sanstrom without a rebound.
0:41 of 2nd period - Reid Boucher wins face-off versus Anton Gustafsson in Admirals zone.
0:44 of 2nd period - Snap shot by Brett Seney.
0:44 of 2nd period - Stopped by Felix Sanstrom without a rebound.
0:45 of 2nd period - Reid Boucher wins face-off versus Anton Gustafsson in Admirals zone.
1:00 of 2nd period - Wrist shot by Conor Garland.
1:00 of 2nd period - Stopped by Felix Sanstrom with a rebound.
2:05 of 2nd period - Snap shot by Blake Geoffrion.
2:05 of 2nd period - Shot Blocked by Conor Garland.
2:42 of 2nd period - Slapshot by T.J Brodie.
2:42 of 2nd period - Deflect By Hunter Shinkaruk.
2:42 of 2nd period - Stopped by Calvin Pickard without a rebound.
2:43 of 2nd period - Anton Gustafsson wins face-off versus Alan Quine in Devils zone.
2:50 of 2nd period - Slapshot by Hunter Shinkaruk.
2:50 of 2nd period - Shot Blocked by Valeri Nichushkin.
2:58 of 2nd period - Slapshot by Alan Quine.
2:58 of 2nd period - Stopped by Felix Sanstrom with a rebound.
3:12 of 2nd period - Wrist shot by Riley Barber.
3:12 of 2nd period - Stopped by Calvin Pickard with a rebound.
4:02 of 2nd period - Icing by Mark McNeill.
4:03 of 2nd period - Anton Gustafsson wins face-off versus Sam Bennett in Admirals zone.
4:03 of 2nd period - Anton Gustafsson is hit by Sam Bennett.
4:26 of 2nd period - Backhand shot by Anton Gustafsson.
4:26 of 2nd period - Stopped by Calvin Pickard without a rebound.
4:27 of 2nd period - Alan Quine wins face-off versus Markus Granlund in Devils zone.
5:00 of 2nd period - Minor Penalty to Kasper Bjorkqvist for Kneeing.
5:01 of 2nd period - Sam Bennett wins face-off versus Markus Granlund in Admirals zone.
5:03 of 2nd period - Slapshot by Sven Baertschi.
5:03 of 2nd period - Deflect By Logan Shaw.
5:03 of 2nd period - Shot Misses the Net.
5:03 of 2nd period - Puck is out of play.
5:04 of 2nd period - Sam Bennett wins face-off versus Markus Granlund in Admirals zone.
5:07 of 2nd period - Slapshot by Logan Shaw.
5:07 of 2nd period - Stopped by Felix Sanstrom without a rebound.
5:08 of 2nd period - Sven Baertschi wins face-off versus Markus Granlund in Admirals zone.
6:42 of 2nd period - Slapshot by Logan Shaw.
6:42 of 2nd period - Stopped by Felix Sanstrom without a rebound.
6:43 of 2nd period - Markus Granlund wins face-off versus Alan Quine in Admirals zone.
6:58 of 2nd period - Christian Djoos is hit by Dalton Thrower.
7:00 of 2nd period - Penalty to Kasper Bjorkqvist is over, Kasper Bjorkqvist is back on ice.
7:36 of 2nd period - Wrist shot by Jonny Brodzinski.
7:36 of 2nd period - Shot Misses the Net.
8:01 of 2nd period - Snap shot by Joonas Donskoi.
8:01 of 2nd period - Stopped by Felix Sanstrom with a rebound.
8:03 of 2nd period - Snap shot by Joonas Donskoi.
8:03 of 2nd period - Shot Misses the Net.
8:05 of 2nd period - Slapshot by Ilya Lyubushkin.
8:05 of 2nd period - Shot Misses the Net.
8:15 of 2nd period - Snap shot by T.J Brodie.
8:15 of 2nd period - Stopped by Calvin Pickard with a rebound.
8:35 of 2nd period - Travis Dermott is hit by Jonny Brodzinski.
8:58 of 2nd period - Off-side.
8:59 of 2nd period - Brett Howden wins face-off versus Anton Gustafsson in neutral zone.
9:06 of 2nd period - Anton Gustafsson is hit by Dalton Thrower and loses puck.
9:23 of 2nd period - Darren Dietz is hit by Mattias Backman and loses puck.
9:50 of 2nd period - Brandon Carlo is hit by Joel Armia and loses puck.
10:23 of 2nd period - Icing by Andreas Englund.
10:24 of 2nd period - Anton Gustafsson wins face-off versus Brett Howden in Admirals zone.
12:07 of 2nd period - Slapshot by Brett Seney.
12:07 of 2nd period - Shot Misses the Net.
12:55 of 2nd period - Wrist shot by Brett Seney.
12:55 of 2nd period - Stopped by Felix Sanstrom without a rebound.
12:56 of 2nd period - Markus Granlund wins face-off versus Sam Bennett in Admirals zone.
13:07 of 2nd period - Slapshot by Markus Granlund.
13:07 of 2nd period - Stopped by Calvin Pickard with a rebound.
13:09 of 2nd period - Slapshot by Christian Djoos.
13:09 of 2nd period - Shot Misses the Net.
13:11 of 2nd period - Snap shot by Joel Armia.
13:11 of 2nd period - Stopped by Calvin Pickard with a rebound.
13:21 of 2nd period - Wrist shot by Anton Gustafsson.
13:21 of 2nd period - Stopped by Calvin Pickard with a rebound.
13:23 of 2nd period - Wrist shot by Anton Gustafsson.
13:23 of 2nd period - Shot Blocked by Ben Hutton.
14:19 of 2nd period - Snap shot by Joonas Donskoi.
14:19 of 2nd period - Shot Blocked by Christian Djoos.
14:21 of 2nd period - Wrist shot by Alan Quine.
14:21 of 2nd period - Stopped by Felix Sanstrom with a rebound.
14:23 of 2nd period - Wrist shot by Joonas Donskoi.
14:23 of 2nd period - Shot Misses the Net.
14:25 of 2nd period - Snap shot by Alan Quine.
14:25 of 2nd period - Stopped by Felix Sanstrom with a rebound.
16:25 of 2nd period - Hunter Shinkaruk is hit by Reid Boucher and loses puck.
17:09 of 2nd period - Conor Garland is hit by Christian Djoos and loses puck.
18:37 of 2nd period - Wrist shot by Kasper Bjorkqvist.
18:37 of 2nd period - Goal by Kasper Bjorkqvist - Admirals : 2 - Devils : 5.
18:38 of 2nd period - Markus Granlund wins face-off versus Sam Bennett in neutral zone.
18:40 of 2nd period - Off-side.
18:41 of 2nd period - Sven Baertschi wins face-off versus Markus Granlund in neutral zone.
18:50 of 2nd period - Snap shot by Sven Baertschi.
18:50 of 2nd period - Shot Blocked by T.J Brodie.
18:52 of 2nd period - Backhand shot by Brandon Carlo.
18:52 of 2nd period - Deflect By Travis Dermott.
18:52 of 2nd period - Stopped by Felix Sanstrom with a rebound.
18:54 of 2nd period - Slapshot by Ben Hutton.
18:54 of 2nd period - Shot Blocked by Travis Dermott.
18:56 of 2nd period - Snap shot by Logan Shaw.
18:56 of 2nd period - Shot Blocked by T.J Brodie.
19:18 of 2nd period - Mark McNeill is hit by Alan Quine and loses puck.
19:52 of 2nd period - Snap shot by Sven Baertschi.
19:52 of 2nd period - Stopped by Felix Sanstrom without a rebound.
19:53 of 2nd period - Sam Bennett wins face-off versus Freddie Hamilton in Admirals zone.
19:56 of 2nd period - Slapshot by Sven Baertschi.
19:56 of 2nd period - Shot Misses the Net.
Goals for this period are 1 for Admirals vs 1 for Devils.
Shots for this period are 8 for Admirals vs 14 for Devils.
3rd period
0:01 of 3rd period - Sam Bennett wins face-off versus Joel Armia in neutral zone.
2:10 of 3rd period - Snap shot by Kasper Bjorkqvist.
2:10 of 3rd period - Stopped by Calvin Pickard with a rebound.
2:12 of 3rd period - Slapshot by Andreas Englund.
2:12 of 3rd period - Deflect By Kasper Bjorkqvist.
2:12 of 3rd period - Stopped by Calvin Pickard with a rebound.
2:14 of 3rd period - Slapshot by Olli Juolevi.
2:14 of 3rd period - Deflect By Lucas Wallmark.
2:14 of 3rd period - Shot Misses the Net.
2:14 of 3rd period - Puck is out of play.
2:15 of 3rd period - Nicolas Kerdiles wins face-off versus Sam Bennett in Devils zone.
2:20 of 3rd period - Slapshot by Nicolas Kerdiles.
2:20 of 3rd period - Deflect By Joel Armia.
2:20 of 3rd period - Deflect By Sam Bennett.
2:20 of 3rd period - Goal by Joel Armia - Admirals : 3 - Devils : 5.
2:21 of 3rd period - Markus Granlund wins face-off versus Sam Bennett in neutral zone.
2:47 of 3rd period - Joonas Donskoi is hit by Mark McNeill and loses puck.
2:52 of 3rd period - Wrist shot by Mark McNeill.
2:52 of 3rd period - Shot Misses the Net.
2:54 of 3rd period - Wrist shot by Mark McNeill.
2:54 of 3rd period - Shot Misses the Net.
2:56 of 3rd period - Wrist shot by Mark McNeill.
2:56 of 3rd period - Shot Misses the Net.
2:58 of 3rd period - Wrist shot by Hunter Shinkaruk.
2:58 of 3rd period - Deflect By Mark McNeill.
2:58 of 3rd period - Shot Misses the Net.
2:58 of 3rd period - Puck is out of play.
2:59 of 3rd period - Joel Armia wins face-off versus Sam Bennett in Devils zone.
3:24 of 3rd period - Mattias Backman is hit by Dalton Thrower and loses puck.
3:51 of 3rd period - Blake Geoffrion is hit by Ilya Lyubushkin and loses puck.
4:04 of 3rd period - Wrist shot by Freddie Hamilton.
4:04 of 3rd period - Deflect By Nicolas Deslauriers.
4:04 of 3rd period - Stopped by Calvin Pickard with a rebound.
4:06 of 3rd period - Wrist shot by Riley Barber.
4:06 of 3rd period - Shot Misses the Net.
4:08 of 3rd period - Slapshot by Nicolas Deslauriers.
4:08 of 3rd period - Stopped by Calvin Pickard with a rebound.
5:05 of 3rd period - Kasper Bjorkqvist is hit by Jonny Brodzinski and loses puck.
5:54 of 3rd period - Snap shot by Joel Armia.
5:54 of 3rd period - Stopped by Calvin Pickard without a rebound.
5:55 of 3rd period - Markus Granlund wins face-off versus Joonas Donskoi in Devils zone.
6:06 of 3rd period - Wrist shot by Markus Granlund.
6:06 of 3rd period - Stopped by Calvin Pickard with a rebound.
6:22 of 3rd period - Snap shot by Logan Shaw.
6:22 of 3rd period - Stopped by Felix Sanstrom without a rebound.
6:23 of 3rd period - Anton Gustafsson wins face-off versus Sam Bennett in Admirals zone.
6:30 of 3rd period - Wrist shot by Anton Gustafsson.
6:30 of 3rd period - Shot Blocked by Brandon Carlo.
6:32 of 3rd period - Slapshot by Hunter Shinkaruk.
6:32 of 3rd period - Shot Misses the Net.
6:34 of 3rd period - Slapshot by T.J Brodie.
6:34 of 3rd period - Deflect By Sven Baertschi.
6:34 of 3rd period - Stopped by Calvin Pickard with a rebound.
6:36 of 3rd period - Slapshot by Travis Dermott.
6:36 of 3rd period - Shot Blocked by Brandon Carlo.
6:49 of 3rd period - Minor Penalty to T.J Brodie for Hooking.
6:50 of 3rd period - Sam Bennett wins face-off versus Markus Granlund in Admirals zone.
7:00 of 3rd period - Snap shot by Sam Bennett.
7:00 of 3rd period - Shot Blocked by Nicolas Kerdiles.
7:02 of 3rd period - Snap shot by Sam Bennett.
7:02 of 3rd period - Shot Blocked by Andreas Englund.
7:04 of 3rd period - Slapshot by Ben Hutton.
7:04 of 3rd period - Stopped by Felix Sanstrom without a rebound.
7:05 of 3rd period - Markus Granlund wins face-off versus Sam Bennett in Admirals zone.
7:05 of 3rd period - Markus Granlund is hit by Sam Bennett.
7:37 of 3rd period - Slapshot by Ben Hutton.
7:37 of 3rd period - Goal by Ben Hutton - Admirals : 3 - Devils : 6.
7:38 of 3rd period - Anton Gustafsson wins face-off versus Logan Shaw in neutral zone.
8:01 of 3rd period - Icing by Brandon Carlo.
8:02 of 3rd period - Alan Quine wins face-off versus Markus Granlund in Devils zone.
8:27 of 3rd period - Dalton Thrower is hit by Anton Gustafsson and loses puck.
8:42 of 3rd period - Minor Penalty to Olli Juolevi for Hooking.
8:43 of 3rd period - Markus Granlund wins face-off versus Sam Bennett in Admirals zone.
8:54 of 3rd period - Wrist shot by Logan Shaw.
8:54 of 3rd period - Goal by Logan Shaw - Admirals : 3 - Devils : 7.
8:55 of 3rd period - Markus Granlund wins face-off versus Sam Bennett in neutral zone.
8:58 of 3rd period - Snap shot by Joel Armia.
8:58 of 3rd period - Stopped by Calvin Pickard with a rebound.
9:00 of 3rd period - Snap shot by Joel Armia.
9:00 of 3rd period - Deflect By Ben Hutton.
9:00 of 3rd period - Stopped by Calvin Pickard with a rebound.
9:02 of 3rd period - Wrist shot by Joel Armia.
9:02 of 3rd period - Stopped by Calvin Pickard with a rebound.
9:04 of 3rd period - Snap shot by Nicolas Kerdiles.
9:04 of 3rd period - Shot Blocked by Ben Hutton.
9:06 of 3rd period - Slapshot by Travis Dermott.
9:06 of 3rd period - Stopped by Calvin Pickard without a rebound.
9:07 of 3rd period - Sam Bennett wins face-off versus Markus Granlund in Devils zone.
9:33 of 3rd period - Joonas Donskoi is hit by Travis Dermott and loses puck.
10:23 of 3rd period - Slapshot by Jonny Brodzinski.
10:23 of 3rd period - Shot Misses the Net.
10:35 of 3rd period - Snap shot by Markus Granlund.
10:35 of 3rd period - Stopped by Calvin Pickard without a rebound.
10:36 of 3rd period - Sam Bennett wins face-off versus Markus Granlund in Devils zone.
10:38 of 3rd period - Minor Penalty to Sven Baertschi for Slashing.
10:39 of 3rd period - Sam Bennett wins face-off versus Markus Granlund in Devils zone.
11:11 of 3rd period - Slapshot by Kasper Bjorkqvist.
11:11 of 3rd period - Shot Misses the Net.
11:15 of 3rd period - Wrist shot by Kasper Bjorkqvist.
11:15 of 3rd period - Shot Misses the Net.
12:38 of 3rd period - Penalty to Sven Baertschi is over, Sven Baertschi is back on ice.
12:48 of 3rd period - Travis Dermott is hit by Ben Hutton and loses puck.
12:57 of 3rd period - Wrist shot by Jonny Brodzinski.
12:57 of 3rd period - Stopped by Felix Sanstrom without a rebound.
12:58 of 3rd period - Jonny Brodzinski wins face-off versus Freddie Hamilton in Admirals zone.
12:59 of 3rd period - Backhand shot by Ilya Lyubushkin.
12:59 of 3rd period - Shot Blocked by Riley Barber.
13:09 of 3rd period - Snap shot by Nicolas Deslauriers.
13:09 of 3rd period - Stopped by Calvin Pickard without a rebound.
13:10 of 3rd period - Markus Granlund wins face-off versus Sam Bennett in Devils zone.
13:15 of 3rd period - Slapshot by Nicolas Kerdiles.
13:15 of 3rd period - Shot Misses the Net.
13:21 of 3rd period - Sam Bennett is hit by Markus Granlund.
13:35 of 3rd period - Valeri Nichushkin is hit by Christian Djoos and loses puck.
14:26 of 3rd period - Slapshot by Travis Dermott.
14:26 of 3rd period - Shot Misses the Net.
14:28 of 3rd period - Snap shot by Travis Dermott.
14:28 of 3rd period - Shot Misses the Net.
14:30 of 3rd period - Slapshot by Travis Dermott.
14:30 of 3rd period - Shot Misses the Net.
14:32 of 3rd period - Slapshot by Travis Dermott.
14:32 of 3rd period - Shot Misses the Net.
14:34 of 3rd period - Slapshot by T.J Brodie.
14:34 of 3rd period - Stopped by Calvin Pickard without a rebound.
14:35 of 3rd period - Markus Granlund wins face-off versus Alan Quine in Devils zone.
14:42 of 3rd period - Nicolas Kerdiles is hit by Dalton Thrower and loses puck.
15:21 of 3rd period - Wrist shot by Sam Bennett.
15:21 of 3rd period - Stopped by Felix Sanstrom with a rebound.
16:17 of 3rd period - Minor Penalty to Olli Juolevi for Interference.
16:18 of 3rd period - Markus Granlund wins face-off versus Sam Bennett in Admirals zone.
16:29 of 3rd period - Snap shot by Nicolas Kerdiles.
16:29 of 3rd period - Stopped by Calvin Pickard with a rebound.
16:53 of 3rd period - Snap shot by Alan Quine.
16:53 of 3rd period - Stopped by Felix Sanstrom with a rebound.
17:33 of 3rd period - Minor Penalty to Mattias Backman for Hooking.
17:34 of 3rd period - Alan Quine wins face-off versus Mark McNeill in Admirals zone.
17:35 of 3rd period - Snap shot by Valeri Nichushkin.
17:35 of 3rd period - Shot Misses the Net.
17:37 of 3rd period - Wrist shot by Valeri Nichushkin.
17:37 of 3rd period - Shot Misses the Net.
18:17 of 3rd period - Penalty to Olli Juolevi is over, Olli Juolevi is back on ice.
19:31 of 3rd period - Valeri Nichushkin is hit by Christian Djoos and loses puck.
19:33 of 3rd period - Penalty to Mattias Backman is over, Mattias Backman is back on ice.
19:42 of 3rd period - Snap shot by Nicolas Deslauriers.
19:42 of 3rd period - Stopped by Calvin Pickard without a rebound.
19:43 of 3rd period - Kasper Bjorkqvist wins face-off versus Reid Boucher in Devils zone.
19:48 of 3rd period - Wrist shot by Kasper Bjorkqvist.
19:48 of 3rd period - Shot Misses the Net.
Goals for this period are 1 for Admirals vs 2 for Devils.
Shots for this period are 17 for Admirals vs 7 for Devils.